 Dungeon Crawl Stone Soup version 0.26.1-11-gd32895ea62 (webtiles) character file.

Game seed: 15697950395902324828

268 Arcadio the Sneak (level 6, -6/39 HPs)
             Began as an Octopode Brigand on May 22, 2021.
             Shot with an arrow by a centaur (14 damage)
             ... on level 3 of the Dungeon.
             The game lasted 00:03:47 (2611 turns).

Arcadio the Sneak (Octopode Brigand)                Turns: 2611, Time: 00:03:48

Health: -6/39      AC:  1    Str: 10    XL:     6   Next: 21%
Magic:  6/6        EV: 15    Int: 13    God:
Gold:   118        SH:  0    Dex: 16    Spells: 5/5 levels left

rFire    . . .     SeeInvis .   k - +2 short sword (drain)
rCold    . . .     Faith    .   (no shield)
rNeg     . . .     Spirit   .   (helmet restricted)
rPois    .         Reflect  .   (no amulet)
rElec    .         Harm     .   (no ring)
rCorr    .         Rampage  .   (no ring)
Will     .....                  (no ring)
Stlth    +++++.....             (no ring)
HPRegen  0.13/turn              (no ring)
MPRegen  0.10/turn              (no ring)
                                (no ring)
                                (no ring)

@: no status effects
A: almost no armour, stealthy swim, amphibious, 8 rings, constrict 8, camouflage
1, gelatinous body 1
a: no special abilities


You were on level 3 of the Dungeon.
You visited 1 branch of the dungeon, and saw 3 of its levels.

You collected 118 gold pieces.

Inventory:

Hand Weapons
 a - a +2 dagger
 e - a +1 dagger of speed
 k - a +2 short sword of draining (weapon)
Missiles
 b - 8 poisoned darts (quivered)
 c - 2 curare-tipped darts
Armour
 i - a +0 buckler
 m - a +0 buckler
Jewellery
 o - an uncursed amulet of faith {unknown}
Scrolls
 d - 2 scrolls of amnesia
 f - 3 scrolls of teleportation
 h - a scroll of immolation
 j - a scroll of fog
 l - a scroll of fear {unknown}
 p - a scroll of random uselessness {unknown}
Potions
 g - a potion of heal wounds


   Skills:
 - Level 2.0 Fighting
 + Level 3.9 Short Blades
 - Level 2.0 Throwing
 + Level 3.4 Dodging
 + Level 7.3 Stealth


You had 5 spell levels left.
You didn't know any spells.
Your spell library was empty.

Dungeon Overview and Level Annotations

Branches:
Dungeon (3/15)

Altars:


Innate Abilities, Weirdness & Mutations

You cannot wear most types of armour.
You are very stealthy in the water. (Stealth+)
You are amphibious.
You can wear up to eight rings at the same time.
You can use your tentacles to constrict eight enemies at once.
Your skin changes colour to match your surroundings (Stealth+).
Your rubbery body absorbs attacks. (AC +1, EV +1)


Message History

A centaur is nearby!
A centaur is nearby!
An orc comes into view. It is wielding a +0 trident.
The centaur shoots an arrow.
The arrow hits you.
The orc picks up some gold.
The centaur shoots an arrow.
The arrow hits you!
Things that are here:
2 arrows; 12 gold pieces An orc comes into view.
It is wielding a +0 flail.
The orc shouts! x2; You hear a shout!
Found 6 gold pieces.
The centaur shoots an arrow.
The arrow barely misses you.
The centaur shoots an arrow.
The arrow hits you!
* * * LOW HITPOINT WARNING * * *
You see here an arrow.
The centaur shoots an arrow.
The arrow closely misses you.
The centaur shoots an arrow.
The arrow misses you.
The centaur shoots an arrow.
The arrow completely misses you.
You see here an arrow.
The centaur shoots an arrow.
The arrow hits you!
You die...

...####...##
..... ...#
##.## # #...#
##.# #.# #.
#o..#
##.#####.#
#.###co#
.........#
#$...(.#
########.#
###..#.# #†#
#(.#.#
#.########(.#.#
#........@(...#
##########..###
#....# #.##.#
#.# .# #.# #
#.# ...


You could see a centaur and 2 orcs.

Vanquished Creatures
  Sigmund (D:2)
  3 adders (D:2)
  An ooze (D:1)
  3 worms
  3 dart slugs
  3 leopard geckos
  11 bats
  3 giant cockroaches
  A goblin (D:2)
  6 hobgoblins
  2 quokkas (D:2)
  A ball python (D:2)
  7 frilled lizards
  9 kobolds
  15 rats
69 creatures vanquished.

Notes
Turn   | Place    | Note
-------+----------+-------------------------------------------
     0 | D:1      | Arcadio the Octopode Brigand began the quest for the Orb.
     0 | D:1      | Reached XP level 1. HP: 14/14 MP: 1/1
   192 | D:1      | Reached XP level 2. HP: 19/19 MP: 2/2
   585 | D:1      | Reached XP level 3. HP: 24/24 MP: 3/3
  1044 | D:2      | Reached skill level 6 in Stealth
  1097 | D:2      | Noticed Sigmund
  1108 | D:2      | Killed Sigmund
  1109 | D:2      | Reached skill level 7 in Stealth
  1109 | D:2      | Reached XP level 4. HP: 14/29 MP: 4/4
  1109 | D:2      | Reached XP level 5. HP: 17/34 MP: 5/5
  1779 | D:2      | Reached XP level 6. HP: 35/39 MP: 6/6
  2611 | D:3      | Shot with an arrow by a centaur

Illustrated notes

Levels and vault maps discovered:
D:1:      minmay_arrival_open_corners, layout_loops_ring
D:2:      layout_loops_corners, minmay_rat_gold_closets, uniq_sigmund
D:3:      layout_loops_ring, hangedman_abyss_or_decor_stabs, uniq_ijyb

Skill      XL: |  1  2  3 |
---------------+----------+-----
Dodging        | 3 |  3.4
Stealth        | 7 |  7.3
Short Blades   | 3 |  3.9
Fighting       | |  2.0
Throwing       | |  2.0

Action                   |  1- 3 |  4- 6 || total
-------------------------+-------+-------++-------
Melee: Dagger            |    48 |       ||    48
       Constrict         |     9 |     4 ||    13
       Tentacles         |     8 |     3 ||    11
       Short sword       |     9 |    43 ||    52
  Use: Scroll            |     5 |     1 ||     6
 Stab: Sleeping          |    12 |    23 ||    35
Armor: Skin              |     5 |     1 ||     6
Dodge: Dodged            |    36 |    19 ||    55
